 Dungeon Crawl Stone Soup version 0.29-a0-243-g602b31c20e (webtiles) character file.

Game seed: 13319831606186706741

7907 Kissindre the Cleaver (level 11, -7/95 HPs)
             Began as a Yellow Draconian Fighter on Mar 5, 2022.
             Was a Priest of the Shining One.
             Killed by divine providence
             ... invoked by an orc priest
              (14 damage)
             ... on level 9 of the Dungeon.
             The game lasted 00:55:09 (9724 turns).

Kissindre the Cleaver (Yellow Draconian Fighter)    Turns: 9724, Time: 00:55:10

Health: -7/95      AC: 11    Str: 21    XL:     11   Next: 2%
Magic:  11/11      EV: 13    Int: 10    God:    the Shining One [***...]
Gold:   404        SH: 11    Dex: 11    Spells: 10/10 levels left

rFire   . . .      SeeInvis .   D - +6 war axe of the Inferno {vorpal, Will+}
rCold   . . .      Faith    .   b - +0 buckler
rNeg    + . .      Spirit   .   (body armour unavailable)
rPois   .          Reflect  .   (helmet restricted)
rElec   .          Harm     .   (no cloak)
rCorr   +          Rampage  .   y - +0 pair of gloves
Will    +....                   k - +2 pair of boots
Stlth   +.........              r - amulet of magic regeneration
HPRegen 0.25/turn               (no ring)
MPRegen 0.52/turn               (no ring)

@: mighty, divinely shielded, glowing
A: spit acid, AC +7, unfitting armour, cold-blooded, acid resistance
a: Breathe Acid, Renounce Religion, Divine Shield, Cleansing Flame


You were on level 9 of the Dungeon.
You worshipped the Shining One.
The Shining One was most pleased with you.
You visited 1 branch of the dungeon, and saw 9 of its levels.

You collected 424 gold pieces.
You spent 20 gold pieces at shops.

Inventory:

Hand Weapons
 x - a +2 dagger of venom
 C - a +4 quarterstaff of chaos
 D - the +6 war axe of the Inferno (weapon) {vorpal, Will+}
   (You found it on level 5 of the Dungeon)

   It inflicts extra damage upon your enemies.
   Will:      It increases your willpower.
 F - a +0 falchion of holy wrath
 I - a +4 dagger
 L - a +2 flail of protection
 M - a +2 antimagic flail
 O - a +1 great sword
 P - a +4 flail
 Q - a +2 whip of freezing
 U - a +1 war axe of flaming
 W - a +2 war axe
Missiles
 q - 19 poisoned darts (quivered)
 N - a curare-tipped dart
 T - 2 silver boomerangs
Armour
 b - a +0 buckler (worn)
 k - a +2 pair of boots (worn)
 y - a +0 pair of gloves (worn)
 J - a scarf of harm
Jewellery
 r - an amulet of magic regeneration (around neck)
Wands
 B - a wand of flame (24)
 H - a wand of polymorph (12)
Scrolls
 a - a scroll of identify
 e - 2 scrolls of vulnerability
 f - 4 scrolls of magic mapping
 h - a scroll of blinking {unknown}
 j - a scroll of torment {unknown}
 l - 3 scrolls of enchant weapon {unknown}
 p - a scroll of fear {unknown}
 t - 5 scrolls of teleportation
 u - 2 scrolls of noise {unknown}
 v - 2 scrolls of fog {unknown}
 z - a scroll of immolation {unknown}
 A - a scroll of brand weapon {unknown}
Potions
 c - a potion of might
 d - a potion of haste {unknown}
 g - a potion of resistance {unknown}
 i - 5 potions of curing
 n - 3 potions of degeneration
 o - 2 potions of magic {unknown}
 s - 2 potions of lignification {unknown}
 w - 2 potions of attraction
 G - 4 potions of brilliance
 R - 2 potions of mutation
 S - a potion of ambrosia {unknown}


   Skills:
 + Level 8.7 Fighting
 + Level 12.6 Axes
 + Level 6.5 Dodging
 + Level 3.5 Stealth
 + Level 5.4 Shields
 + Level 1.2 Invocations
 + Level 0.4 Evocations


You had 10 spell levels left.
You didn't know any spells.
Your spell library contained the following spells:

 Spells                   Type           Power      Damage    Failure   Level
 Ensorcelled Hibernation  Hex/Ice        0%         N/A       58%         2
 Passwall                 Tmut/Erth      0%         N/A       58%         2
 Static Discharge         Conj/Air       0%         N/A       58%         2
 Sublimation of Blood     Necr           0%         N/A       58%         2
 Wereblood                Tmut           0%         N/A       58%         2
 Ignite Poison            Fire/Tmut/Pois 0%         N/A       82%         3
 Inner Flame              Hex/Fire       0%         N/A       82%         3
 Mephitic Cloud           Conj/Pois/Air  0%         N/A       82%         3
 Swiftness                Air            0%         N/A       82%         3
 Cause Fear               Hex            0%         N/A       99%         4
 Freezing Cloud           Conj/Ice/Air   0%         6-21      100%        5
 Lightning Bolt           Conj/Air       0%         1d11      100%        5
 Summon Hydra             Summ           0%         N/A       100%        7
 Discord                  Hex            0%         N/A       100%        8
 Maxwell's Capacitive Co  Air            0%         ∞         100%        8


Dungeon Overview and Level Annotations

Branches:
Dungeon (9/15)             Temple (0/1) D:7            Lair (0/6) D:8
    Orc: D:9-12

Altars:
Elyvilon
Gozag
The Shining One

Shops:
D:1 **([!   D:3 =


Innate Abilities, Weirdness & Mutations

You can spit globs of acid.
Your golden yellow scales are hard. (AC +7)
You cannot fit into any form of body armour.
You are cold-blooded and may be slowed by cold attacks.
You are resistant to acid. (rCorr)


Message History

You barely miss the orc. You block the orc warrior's attack.
You barely miss the orc priest. You barely miss the orc. The orc misses you.
The orc priest invokes the aid of Beogh against you.
Beogh smites you!
An orc warrior comes into view. It is wielding a +0 short sword.
You block the orc warrior's attack.
You feel very mighty all of a sudden. You block the orc's attack.
The orc priest calls down the wrath of Beogh upon you.
You easily resist.
You block the orc priest's attack.
The orc warrior hits you from afar with a +0 halberd.
* * * LOW HITPOINT WARNING * * *
You barely miss the orc priest. You tail-slap the orc priest.
The orc priest is moderately wounded.
You slash the orc!
You kill the orc!
You block the orc priest's attack. x2; You block the orc warrior's attack.
You slash the orc priest!
You kill the orc priest!
The Shining One accepts your kill.
You feel better.
You feel your power returning.
You slash the orc!
You kill the orc!
The orc priest hits you but does no damage.
You block the orc warrior's attack.
You fail to use your ability.
The orc closely misses you.
The orc priest begins to cast a cantrip, but forgets the words!
You block the orc warrior's attack.
Your divine shield is renewed.
The orc hits you with a +0 flail.
* * * LOW HITPOINT WARNING * * *
An orc comes into view. It is wielding a +0 club.
The orc priest hits you from afar with a +0 trident.
* * * LOW HITPOINT WARNING * * *
You block the orc's attack.
The orc warrior hits you from afar with a +0 halberd!
* * * LOW HITPOINT WARNING * * *
The orc completely misses you.
An orc comes into view. It is wielding a +0 dagger.
The orc priest calls down the wrath of Beogh upon you.
Beogh smites you!
You die...

#....# #....# ###
#....#####+###<#
#..............#
###.#####..).........†.#
#....).................#
##.......o.............##
#......................+
.....o.......@........#
#...o...###oo........#
#.?.....###o.........#
#.......)o..........##
#.....!.)#o#######..
#..........# .
#..........###
#####.#.#### #...#


You could see an orc warrior, an orc priest and 3 orcs.

Vanquished Creatures
  A two-headed ogre (D:8)
  Pikel (D:7)
  An elephant (D:8)
  Joseph (D:8)
  Maggie (D:8)
  2 wyverns
  A basilisk (D:8)
  Eustachio (D:6)
  Menkaure (D:7)
  A steam dragon (D:8)
  Grum (D:8)
  Duvessa (D:7)
  An acid dragon (D:8)
  4 orc warriors
  3 ice beasts
  3 sky beasts
  3 black bears
  5 ogres
  3 wolves (D:8)
  6 centaurs
  A lemure (D:7)
  2 phantoms
  2 kobold brigands
  3 bullfrogs
  Blork the orc (D:6)
  A gnoll sergeant (D:6)
  2 necrophages
  13 wights
  Dowan (D:7)
  A howler monkey (D:4)
  4 orc priests
  3 hounds
  Crazy Yiuf (D:4)
  A jelly (D:4)
  A gnoll shaman (D:7)
  13 orc wizards
  13 gnolls
  7 adders
  3 shadow imps
  A white imp (D:6)
  An ufetubus (D:6)
  4 dart slugs
  32 orcs
  3 bats
  7 endoplasms
  A giant cockroach (D:1)
  6 hobgoblins
  3 jackals (D:2)
  3 quokkas
  4 ball pythons
  A frilled lizard (D:2)
  8 goblins
  16 kobolds
  A rat (D:3)
  A bush (D:8)
206 creatures vanquished.

Vanquished Creatures (others)
  An orc wizard (D:8)
  An orc (D:8)
  9 plants
11 creatures vanquished.

Grand Total: 217 creatures vanquished

Notes
Turn   | Place    | Note
-------+----------+-------------------------------------------
     0 | D:1      | Kissindre the Draconian Fighter began the quest for the
                  | Orb.
     0 | D:1      | Reached XP level 1. HP: 19/19 MP: 1/1
    87 | D:1      | Found Sosag's Distillery.
   393 | D:1      | Found Qammeumm's Antique Armour Shop.
   414 | D:1      | Found Notoame's Weapon Shop.
   420 | D:1      | Reached XP level 2. HP: 26/26 MP: 2/2
   530 | D:1      | Found Suysaor's General Store.
   955 | D:1      | Found Zyem's General Store.
  1200 | D:2      | Reached XP level 3. HP: 28/31 MP: 3/3
  1397 | D:2      | Reached XP level 4. HP: 39/39 MP: 4/4
  1403 | D:2      | Reached skill level 3 in Axes
  1576 | D:2      | Found a faded altar of an unknown god.
  1595 | D:2      | Prayed at the altar of an unknown god.
  1595 | D:2      | Became a worshipper of the Shining One
  1595 | D:2      | Reached * piety under the Shining One
  1910 | D:3      | Reached XP level 5. HP: 26/46 MP: 5/5
  2063 | D:3      | Found Regezont's Jewellery Boutique.
  2126 | D:3      | Reached skill level 1 in Stealth
  2562 | D:4      | Noticed an ogre
  2568 | D:4      | Killed an ogre
  2569 | D:4      | Reached skill level 4 in Axes
  2585 | D:4      | Noticed a phantom
  2976 | D:4      | Reached XP level 6. HP: 51/52 MP: 6/6
  3055 | D:4      | Found a runed translucent door.
  3056 | D:4      | Noticed Crazy Yiuf
  3180 | D:4      | Reached skill level 5 in Axes
  3410 | D:4      | Noticed an ice beast
  3421 | D:4      | Killed an ice beast
  3422 | D:4      | Your scales start taking on a golden yellow colour.
  3422 | D:4      | Reached XP level 7. HP: 46/60 MP: 7/7
  3422 | D:4      | Gained mutation: You are resistant to acid. (rCorr) [Yellow
                  | Draconian growth]
  3684 | D:4      | Killed Crazy Yiuf
  3758 | D:5      | Entered Level 5 of the Dungeon
  3869 | D:5      | Reached skill level 6 in Axes
  4035 | D:5      | Identified the +6 war axe of the Inferno {vorpal, Will+}
  4106 | D:5      | Found a white marble altar of Elyvilon.
  4106 | D:5      | Found an opulent altar of Gozag.
  4338 | D:5      | Reached skill level 5 in Fighting
  4562 | D:5      | Reached skill level 7 in Axes
  4562 | D:5      | Reached XP level 8. HP: 68/68 MP: 8/8
  4607 | D:5      | Reached ** piety under the Shining One
  5071 | D:6      | Reached skill level 8 in Axes
  5247 | D:6      | Reached skill level 5 in Dodging
  5564 | D:6      | Reached XP level 9. HP: 68/75 MP: 9/9
  5604 | D:6      | Noticed Eustachio
  5626 | D:6      | Reached skill level 9 in Axes
  5630 | D:6      | Killed Eustachio
  5736 | D:6      | Noticed Blork the orc
  5742 | D:6      | Killed Blork the orc
  6338 | D:1      | Bought a scroll of identify for 20 gold pieces
  6535 | D:7      | Noticed Menkaure
  6544 | D:7      | Killed Menkaure
  6697 | D:7      | Reached skill level 10 in Axes
  6722 | D:7      | Reached *** piety under the Shining One
  6755 | D:7      | Noticed Pikel
  6789 | D:7      | Killed Pikel
  7297 | D:7      | Found a staircase to the Ecumenical Temple.
  7300 | D:7      | Reached skill level 11 in Axes
  7300 | D:7      | Reached XP level 10. HP: 65/86 MP: 10/10
  7419 | D:7      | Noticed Dowan
  7431 | D:7      | Killed Dowan
  7525 | D:7      | Noticed Duvessa
  7531 | D:7      | Killed Duvessa
  7850 | D:8      | Noticed a two-headed ogre
  7852 | D:8      | Noticed an elephant
  7854 | D:8      | Noticed Grum
  7863 | D:8      | Killed a two-headed ogre
  7868 | D:8      | Killed an elephant
  7874 | D:8      | Killed Grum
  7875 | D:8      | Reached skill level 5 in Shields
  7911 | D:8      | Reached skill level 12 in Axes
  7911 | D:8      | Reached skill level 1 in Invocations
  8427 | D:8      | Found a staircase to the Lair.
  8620 | D:8      | Noticed Maggie
  8629 | D:8      | Killed Maggie
  8892 | D:8      | Reached **** piety under the Shining One
  9078 | D:8      | Noticed Joseph
  9118 | D:8      | Killed Joseph
  9651 | D:9      | Reached XP level 11. HP: 88/94 MP: 11/11
  9724 | D:9      | Killed from afar by an orc priest

Illustrated notes

Levels and vault maps discovered:
D:1:      minmay_arrival_shattered_statue, layout_basic, serial_shops, shop,
          nicolae_lakefront_shop, nicolae_shop_waterfront, shop, shop,
          grunt_decor_arrowhead
D:2:      layout_basic, chequers_ecumenical_altar_island,
          minmay_misc_feat_secret_circle, kennysheep_crisscross,
          hangedman_decor_push, nicolae_grassy_gnolls
D:3:      layout_rooms, serial_shops, nicolae_lakefront_shop
D:4:      layout_loops_ring, kennysheep_generic_room_11, uniq_crazy_yiuf_cottage
D:5:      layout_loops_corners, gammafunk_temple_overflow_statue,
          nicolae_underground_beach
D:6:      layout_cave_pools, minmay_manual_mares, uniq_blork_the_orc,
          uniq_eustachio
D:7:      layout_rooms, minmay_temple_entry_enclosed_plants, uniq_menkaure,
          uniq_pikel, uniq_duvessa
D:8:      layout_layer_cave, david_lair_generic, hangedman_decor_riveting,
          minmay_hedge_maze, uniq_grum, uniq_joseph, uniq_maggie
D:9:      minmay_blocky_corners, layout_basic, orc_0_dummy, special_room
          [special_room_orc], kennysheep_windowed_goal

Skill      XL: |  1  2  3  4  5  6  7  8  9 10 |
---------------+-------------------------------+-----
Dodging        | 3 4 5 6 |  6.5
Axes           | 3 4 5 7 8 11 12 | 12.6
Stealth        | 1 2 3 |  3.5
Fighting       | 4 5 6 7 8 |  8.7
Shields        | 4 5 |  5.4
Invocations    | 1 |  1.2
Evocations     | |  0.4

Action                   |  1- 3 |  4- 6 |  7- 9 | 10-12 || total
-------------------------+-------+-------+-------+-------++-------
Melee: War axe           |    70 |    94 |   196 |   138 ||   498
       Tailslap          |     7 |    12 |    30 |    26 ||    75
Throw: Dart              |       |       |       |     1 ||     1
Invok: Divine Shield     |       |       |     1 |     5 ||     6
Evoke: Wand              |       |       |     2 |       ||     2
  Use: Scroll            |       |       |     3 |     6 ||     9
       Potion            |       |       |     1 |     4 ||     5
Armor: Skin              |    25 |    45 |    76 |    36 ||   182
Dodge: Dodged            |    55 |    48 |   135 |    90 ||   328
Block: Buckler           |    18 |    28 |    58 |    68 ||   172

Table legend: (Time is in decaauts)
 A = Elapsed time spent in this place.
 B = Non-inter-level travel time spent in this place.
 C = Inter-level travel time spent in this place.
 D = Time resting spent in this place.
 E = Time spent auto-exploring this place.
 F = Levels seen in this place.
 G = Mean time per level.
                   A        B        C        D        E       F      G
               +--------+--------+--------+--------+--------+-----+--------+
         Total |   9821 |   8847 |    974 |   1454 |   4307 |   9 | 1091.2 |
       Dungeon |   9821 |   8847 |    974 |   1454 |   4307 |   9 | 1091.2 |
               +--------+--------+--------+--------+--------+-----+--------+

Top non-repeatable levels by time:
     D:8: 2002 daAuts
     D:1: 1476 daAuts
     D:4: 1237 daAuts
     D:5: 1230 daAuts
     D:6: 1188 daAuts
     D:7: 1121 daAuts
     D:3: 807 daAuts
     D:2: 677 daAuts
     D:9: 78 daAuts
